 Dungeon Crawl Stone Soup version 0.28.0-45-g0d030f2227 (webtiles) character file.

Game seed: 10336349884474880858

19159 101zpm the Thaumaturge (level 12, 0/93 HPs)
             Began as a Grey Draconian Ice Elementalist on Apr 17, 2022.
             Was an Elder of Vehumet.
             Succumbed to a black mamba's poison
             ... on level 12 of the Dungeon on Apr 18, 2022.
             The game lasted 01:33:19 (24566 turns).

101zpm the Thaumaturge (DrIE)                      Turns: 24566, Time: 01:33:20

Health: 0/93       AC: 14    Str: 10    XL:     12   Next: 34%
Magic:  10/27      EV: 14    Int: 25    God:    Vehumet [****..]
Gold:   769        SH:  5    Dex: 14    Spells: 18/34 levels left

rFire   . . .      SeeInvis .   p - +4 spear (flame)
rCold   . . .      Faith    .   q - orb {mayhem}
rNeg    . . .      Spirit   .   (armour unavailable)
rPois   .          Reflect  +   e - +1 hat
rElec   .          Harm     .   (no cloak)
rCorr   .          Rampage  .   (no gloves)
Will    +....                   (no boots)
Stlth   +++.......              u - amulet of reflection
HPRegen 0.25/turn               b - ring of willpower
MPRegen 0.20/turn               F - +6 ring of intelligence

@: lethally poisoned (0 -> -16), studying Shields
A: AC +13, amphibious, unfitting armour, cold-blooded
a: Renounce Religion


You were on level 12 of the Dungeon.
You worshipped Vehumet.
Vehumet was greatly pleased with you.
You visited 2 branches of the dungeon, and saw 14 of its levels.
You also visited: Bailey.

You collected 769 gold pieces.

Inventory:

Hand Weapons
 k - a +4 flail
 p - a +4 spear of flaming (weapon)
 M - a +1 vorpal broad axe
 N - a +2 hand axe of venom
 O - a +1 longbow of flaming
Missiles
 w - 29 javelins
 G - 3 throwing nets
Armour
 e - a +1 hat (worn)
 q - an orb of mayhem (worn)
Magical Staves
 y - a staff of conjuration
Jewellery
 b - a ring of willpower (left hand)
 s - a ring of ice
 u - an amulet of reflection (around neck)
 F - a +6 ring of intelligence (right hand)
 L - a ring of magical power
Wands
 t - a wand of iceblast (32)
 C - a wand of paralysis (10)
 J - a wand of acid (7)
 K - a wand of digging (7)
Scrolls
 a - a scroll of silence {unknown}
 d - 6 scrolls of teleportation
 h - 2 scrolls of fear
 i - 2 scrolls of vulnerability
 n - 5 scrolls of enchant weapon
 o - a scroll of amnesia {unknown}
 v - 4 scrolls of enchant armour
 x - a scroll of identify
 B - 2 scrolls of immolation
 D - a scroll of noise {unknown}
 E - a scroll of brand weapon {unknown}
 H - a scroll of torment {unknown}
Potions
 c - 5 potions of curing
 f - 3 potions of resistance
 g - 6 potions of degeneration
 j - 3 potions of attraction
 l - 6 potions of heal wounds
 m - 4 potions of mutation
 r - 2 potions of flight {unknown}
 z - 2 potions of berserk rage {unknown}
 A - a potion of invisibility {unknown}
 I - 3 potions of brilliance


   Skills:
 + Level 4.9 Fighting
 + Level 0.7 Short Blades
 + Level 3.8 Maces & Flails
 + Level 5.6 Polearms
 + Level 5.6 Dodging
 + Level 4.5 Stealth
 + Level 5.0 Shields
 + Level 0.7 Unarmed Combat
 + Level 11.7 Spellcasting
 + Level 5.0 Conjurations
 + Level 2.2 Hexes
 + Level 0.6 Summonings
 + Level 10.0 Ice Magic
 + Level 3.1 Poison Magic


You had 18 spell levels left.
You knew the following spells:

 Your Spells              Type           Power      Damage    Failure   Level
a - Freeze                Ice            100%       1d11      1%          1
b - Frozen Ramparts       Ice            100%       1d12      1%          3
c - Magic Dart            Conj           100%       1d8       1%          1
d - Slow                  Hex            100%       N/A       1%          1
e - Searing Ray           Conj           78%        2d7       1%          2
f - Olgreb's Toxic Radia  Pois           30%        N/A       3%          4
g - Summon Ice Beast      Ice/Summ       41%        N/A       4%          4

Your spell library contained the following spells:

 Spells                   Type           Power      Damage    Failure   Level
 Spellforged Servitor     Conj/Summ      14%        N/A       92%         7
 Ozocubu's Armour         Ice            60%        N/A       1%          3
 Hailstorm                Conj/Ice       51%        3d11      1%          4
 Fulminant Prism          Conj/Hex       16%        3d11      2%          4
 Summon Small Mammal      Summ           72%        N/A       3%          1
 Animate Skeleton         Necr           28%        N/A       4%          1
 Apportation              Tloc           28%        N/A       4%          1
 Confusing Touch          Hex            25%        N/A       4%          3
 Vampiric Draining        Necr           14%        2d7       12%         3
 Ozocubu's Refrigeration  Ice            30%        4d11      16%         7
 Summon Mana Viper        Hex/Summ       21%        N/A       54%         5
 Monstrous Menagerie      Summ           9%         N/A       100%        7


Dungeon Overview and Level Annotations

Branches:
Dungeon (13/15)            Temple (1/1) D:4            Lair (0/6) D:10
    Orc (0/2) D:12         Bailey (visited)
 Vaults: D:13-14

Altars:
Ashenzari
Cheibriados
Dithmenos
Elyvilon
Fedhas
Gozag
Hepliaklqana
Kikubaaqudgha
Makhleb
Nemelex Xobeh
Okawaru
Ru
Sif Muna
Trog
Uskayaw
Vehumet
Wu Jian
Xom
Yredelemnul
Zin
The Shining One
Beogh

Shops:
D:1 (   D:9 [

Annotations:
D:4 1 runed translucent door, Crazy Yiuf, Grinder
D:11 2 transporters


Innate Abilities, Weirdness & Mutations

Your dull iron-grey scales are very hard. (AC +13)
You are amphibious.
You cannot fit into any form of body armour.
You are cold-blooded and may be slowed by cold attacks.


Message History

You feel very sick.
A black mamba comes into view.
Casting: Freeze (safe; 1% risk of failure)
Confirm with . or Enter, or press ? or * to list all spells.
Aiming: Searing Ray (safe; 1% risk of failure)
Press: ? - help, Shift-Dir - straight line, f - black mamba
Aim: a black mamba (wandering, hasn't noticed you, 68% to hit)
The searing ray hits the black mamba.
The black mamba is lightly wounded.
The black mamba hisses angrily. (Press . to maintain the ray.)
You feel very sick.
The wall freezes the black mamba.
Casting: Searing Ray (safe; 1% risk of failure)
Confirm with . or Enter, or press ? or * to list all spells.
Aiming: Slow (safe; 1% risk of failure)
Press: ? - help, Shift-Dir - straight line, f/p - black mamba
Aim: a black mamba (lightly wounded, chance to affect: 64%)
The black mamba struggles to resist.
You feel sick.
The wall freezes the black mamba.
The black mamba seems to slow down.
The wall freezes the black mamba.
The black mamba bites you.
You are more poisoned.
The black mamba poisons you!
Casting: Slow (safe; 1% risk of failure)
Confirm with . or Enter, or press ? or * to list all spells.
A chill wind blows around you.
* * * LOW HITPOINT WARNING * * *
You feel very sick.
The wall freezes the black mamba.
The black mamba seems to slow down.
The black mamba bites you!
* * * LOW HITPOINT WARNING * * *
Your frozen ramparts will break if you move.
Continue?
* * * LOW HITPOINT WARNING * * *
You feel very sick.
The wall freezes the black mamba.
You block the black mamba's attack.
Your ice beast hits the black mamba.
Your ice beast freezes the black mamba!
The black mamba seems to slow down.
The frozen ramparts melt away.
You climb upwards.
Your summoned ally is left behind.
You die...

#.###.#### ##.## #)# #.....)..#
#.#####.## #..##.##.#
#......((#####
#..##.##.###########.......
#..##.........# ##.#####
#.....##>####.# #.# #
####..##.##.# #.# #.# #
##.##..##.##.####.#######.#####
#.#....##.##..@S...............
##.###.##.#######.#######.###..
####.# #.##.# #.# #.# #.#
.....# #.##.##### #.# #.# #.#
###### #.##.##.># #.# #.###.# #
#....##.####.# #.....# #
#.##.........# ##..... #
#.##.######### #.#### # #.##.#
#.####


You could see a black mamba (slow).

Vanquished Creatures
  Nessos (D:12)
  Josephine (D:12)
  3 two-headed ogres (D:11)
  A death knight (D:11)
  Pikel (D:6)
  A cyclops (D:11)
  An ugly thing (D:12)
  Joseph (D:8)
  Maggie (D:6)
  2 kobold demonologists (D:12)
  A komodo dragon (D:12)
  2 unseen horrors (D:11)
  3 meliai (D:13)
  3 trolls
  Sigmund (D:6)
  6 wraiths
  A vampire (D:12)
  15 yaks
  A wyvern (D:9)
  2 steam dragons (D:8)
  An acid dragon (D:8)
  3 black bears (D:6)
  An ice beast (D:7)
  14 orc warriors
  5 wolves (D:10)
  13 centaurs
  2 phantoms
  2 lemures (D:6)
  6 kobold brigands
  3 bullfrogs
  2 scorpions
  A water moccasin zombie (D:5)
  A gnoll sergeant (D:5)
  4 killer bees (D:9)
  5 howler monkeys
  5 wights (D:9)
  5 electric eels (D:10)
  5 centaur zombies
  A bullfrog zombie (D:5)
  4 hounds
  7 orc priests
  Terence (D:3)
  13 orc wizards
  3 killer bee zombies
  A howler monkey skeleton (D:6)
  A howler monkey zombie (D:8)
  Robin (D:3)
  3 gnolls
  7 adders
  A worm (D:2)
  2 dart slugs
  34 orcs
  2 ball pythons
  14 endoplasms
  2 giant cockroaches
  21 goblins
  7 hobgoblins
  6 jackals
  13 kobolds
  3 quokkas
  3 bats (D:1)
  4 frilled lizards
  6 rats
286 creatures vanquished.

Vanquished Creatures (collateral kills)
  3 yaks
  A wraith (D:11)
  A killer bee (D:9)
  A hound (D:10)
  2 orc priests (D:11)
  An orc wizard (D:10)
  16 orcs
  2 kobolds (D:12)
27 creatures vanquished.

Vanquished Creatures (others)
  A yak (D:12)
  A wolf (D:10)
  2 centaurs
  A kobold brigand (D:12)
  4 orcs
  A kobold (D:10)
10 creatures vanquished.

Grand Total: 323 creatures vanquished

Notes
Turn   | Place    | Note
-------+----------+-------------------------------------------
     0 | D:1      | 101zpm the Draconian Ice Elementalist began the quest for
                  | the Orb.
     0 | D:1      | Reached XP level 1. HP: 14/14 MP: 3/3
     9 | D:1      | Noticed an electric eel
   699 | D:2      | Reached XP level 2. HP: 7/20 MP: 3/5
  1738 | D:3      | Reached XP level 3. HP: 21/27 MP: 6/6
  2043 | D:3      | Noticed Terence
  2044 | D:3      | Found a glowing golden altar of the Shining One.
  2074 | D:3      | Noticed Robin
  2110 | D:2      | Learned a level 3 spell: Frozen Ramparts
  2183 | D:3      | Killed Robin
  2184 | D:3      | Reached skill level 1 in Fighting
  2490 | D:3      | Reached XP level 4. HP: 32/35 MP: 2/8
  2497 | D:3      | Reached skill level 3 in Spellcasting
  3144 | D:4      | Found a staircase to the Ecumenical Temple.
  3153 | Temple   | Entered the Ecumenical Temple
  3382 | Temple   | Became a worshipper of Vehumet
  3385 | Temple   | Learned a level 1 spell: Magic Dart
  3387 | Temple   | Learned a level 1 spell: Slow
  3563 | D:4      | Found a runed translucent door.
  3564 | D:4      | Noticed Crazy Yiuf
  3766 | D:4      | Noticed Grinder
  4119 | D:3      | Killed Terence
  4120 | D:3      | Reached XP level 5. HP: 40/40 MP: 0/9
  5363 | D:1      | Found a faded altar of an unknown god.
  5463 | D:1      | Reached skill level 1 in Maces & Flails
  5507 | D:1      | Reached * piety under Vehumet
  5507 | D:1      | Offered knowledge of Sandblast by Vehumet.
  5761 | D:1      | Found Itimet's Antique Weapon Shoppe.
  6111 | D:5      | Entered Level 5 of the Dungeon
  6148 | D:5      | Reached XP level 6. HP: 23/47 MP: 3/11
  7011 | D:5      | Reached skill level 5 in Ice Magic
  7011 | D:5      | Your scales start taking on a dull iron-grey colour.
  7011 | D:5      | Reached XP level 7. HP: 44/55 MP: 2/12
  7342 | D:5      | Reached skill level 4 in Spellcasting
  7403 | D:5      | Reached skill level 1 in Conjurations
  7497 | D:6      | Noticed Pikel
  7518 | D:6      | Killed Pikel
  7519 | D:6      | Reached skill level 1 in Polearms
  7519 | D:6      | Reached XP level 8. HP: 61/62 MP: 7/15
  7561 | D:6      | Noticed Sigmund
  7565 | D:6      | Reached skill level 5 in Spellcasting
  7884 | D:7      | Found a flagged portal.
  7950 | Bailey   | Entered a bailey
  8171 | Bailey   | Offered knowledge of Poisonous Vapours by Vehumet.
  8239 | Bailey   | Reached ** piety under Vehumet
  9097 | Bailey   | Reached skill level 6 in Spellcasting
  9097 | Bailey   | Reached XP level 9. HP: 57/70 MP: 12/18
  9538 | Bailey   | Reached skill level 1 in Shields
 10538 | Bailey   | Learned a level 2 spell: Searing Ray
 11083 | Bailey   | Reached skill level 7 in Spellcasting
 11807 | D:6      | Found a white marble altar of Elyvilon.
 11888 | D:6      | Killed Sigmund
 12108 | D:6      | Noticed Maggie
 12113 | D:6      | Reached skill level 1 in Hexes
 12113 | D:6      | Reached XP level 10. HP: 78/78 MP: 16/21
 12120 | D:6      | Killed Maggie
 12368 | D:6      | Offered knowledge of Mephitic Cloud by Vehumet.
 12998 | D:8      | Noticed Joseph
 13021 | D:8      | Killed Joseph
 13287 | D:8      | Reached *** piety under Vehumet
 13612 | D:8      | Found an opulent altar of Gozag.
 14034 | D:8      | Reached skill level 5 in Dodging
 14034 | D:8      | Reached skill level 8 in Spellcasting
 14388 | D:9      | Found a blossoming altar of Fedhas.
 14968 | D:9      | Identified the +1 robe "Aferirit" {Will+}
 15095 | D:9      | Found Qaes's Antique Armour Shoppe.
 15370 | D:10     | Entered Level 10 of the Dungeon
 15379 | D:10     | Found a shimmering blue altar of Sif Muna.
 15379 | D:10     | Found a hazy altar of Hepliaklqana.
 15409 | D:10     | Reached skill level 5 in Polearms
 15629 | D:10     | Identified the +3 leather armour of Elitism {*Corrode rPois
                  | rC+}
 15959 | D:10     | Found a staircase to the Lair.
 17029 | D:10     | Offered knowledge of Olgreb's Toxic Radiance by Vehumet.
 17363 | D:10     | Learned a level 4 spell: Olgreb's Toxic Radiance
 17445 | D:10     | Found a sacrificial altar of Ru.
 17850 | D:10     | Found a basalt altar of Yredelemnul.
 18018 | D:10     | Reached XP level 11. HP: 85/85 MP: 2/23
 18022 | D:10     | Reached skill level 9 in Spellcasting
 18581 | D:11     | Noticed a two-headed ogre
 18586 | D:11     | Reached **** piety under Vehumet
 18597 | D:11     | Noticed a two-headed ogre
 18937 | D:11     | Reached skill level 1 in Poison Magic
 18938 | D:11     | Offered knowledge of Stone Arrow by Vehumet.
 19321 | D:11     | You fall into a shaft and drop 1 floor!
 19328 | D:12     | Noticed a sixfirhy
 19345 | D:12     | Noticed a sixfirhy
 19538 | D:12     | Reached skill level 10 in Spellcasting
 19706 | D:12     | Found a staircase to the Orcish Mines.
 20291 | D:11     | Noticed a death knight
 20378 | D:12     | Noticed Josephine
 20385 | D:12     | Killed Josephine
 20593 | D:12     | Noticed a brown ugly thing
 20601 | D:12     | Killed a brown ugly thing
 20601 | D:12     | Reached ***** piety under Vehumet
 20601 | D:12     | Offered knowledge of Spellforged Servitor by Vehumet.
 20710 | D:12     | Noticed Nessos
 21304 | D:11     | Killed a two-headed ogre
 21445 | D:11     | Found a transporter.
 21622 | D:11     | Killed a two-headed ogre
 21623 | D:11     | Reached skill level 11 in Spellcasting
 21623 | D:11     | Reached XP level 12. HP: 88/93 MP: 9/27
 21779 | D:11     | Noticed a two-headed ogre
 21786 | D:11     | Killed a two-headed ogre
 22067 | D:8      | Learned a level 4 spell: Summon Ice Beast
 22143 | D:11     | Killed a death knight
 22289 | D:11     | Found a transporter.
 22343 | D:11     | HP: 4/93 [poisoned by Nessos]
 23531 | D:12     | Killed Nessos
 23532 | D:12     | Reached skill level 5 in Conjurations
 23913 | D:12     | Reached skill level 10 in Ice Magic
 24180 | D:13     | Noticed a fire dragon
 24560 | D:13     | Reached skill level 5 in Shields
 24565 | D:13     | HP: 4/93 [poisoned by a black mamba]
 24566 | D:12     | Succumbed to a black mamba's poison

Illustrated notes

Levels and vault maps discovered:
D:1:      arrival_aquarium_a, layout_basic, serial_shops,
          nicolae_shop_hallway_stairs, ebering_ecumenical_altar_webs
D:2:      layout_basic
D:3:      wad_river_or_something, layout_basic, tso_metal_star, uniq_robin,
          uniq_terence
D:4:      layout_gridville, marbit_many_paths, minmay_temple_entry_glass,
          uniq_edmund, uniq_eustachio, uniq_crazy_yiuf_cottage, uniq_grinder
D:5:      layout_basic
D:6:      layout_rooms, mainiacjoe_overflow_concentric_impassable,
          chequers_serial_rivers_micro_c, uniq_maggie, uniq_sigmund, uniq_pikel
D:7:      layout_rooms, enter_bailey_5
D:8:      layout_basic, grunt_gozag_statues, uniq_joseph
D:9:      layout_rooms, overflow_temple_1_default, serial_shops, shop_fountains
D:10:     layout_roguey, mainiacjoe_overflow_two_lobes,
          mainiacjoe_overflow_large_starburst, erik_lair_island
D:11:     gammafunk_beogh_shrine, layout_basic, special_room [special_room_orc]
D:12:     layout_loops_ring, orc_0_dummy, uniq_josephine, uniq_nessos
D:13:     minmay_the_grid_octo_triangle [minmay_the_grid_octo_focus,
          minmay_the_grid_octo_prize_ultimate_mussel_roller,
          minmay_the_grid_octo_fat_diamond], layout_loops_ring
Temple:   nicolae_temple_figure_eight

Skill      XL: |  1  2  3  4  5  6  7  8  9 10 11 12 |
---------------+-------------------------------------+-----
Dodging        | 2 3 4 5 |  5.6
Fighting       | 1 2 3 4 |  4.9
Stealth        | 2 3 4 |  4.5
Spellcasting   | 3 4 6 7 8 11 | 11.7
Maces & Flails | 2 3 |  3.8
Ice Magic      | 5 6 7 8 9 10 | 10.0
Conjurations   | 1 2 4 5 |  5.0
Polearms       | 1 3 5 |  5.6
Shields        | 2 3 4 5 |  5.0
Hexes          | 1 2 |  2.2
Poison Magic   | 2 3 |  3.1
Short Blades   | |  0.7
Unarmed Combat | |  0.7
Summonings     | |  0.6

Action                   |  1- 3 |  4- 6 |  7- 9 | 10-12 || total
-------------------------+-------+-------+-------+-------++-------
Melee: Unarmed           |    75 |       |       |       ||    75
       Punch             |     2 |     2 |       |       ||     4
       Tailslap          |     6 |    11 |     6 |    31 ||    54
       Short sword       |    12 |       |       |       ||    12
       Mace              |     3 |    27 |       |       ||    30
       Flail             |       |   106 |       |       ||   106
       Spear             |       |       |   176 |   177 ||   353
 Cast: Freeze            |    33 |     4 |    33 |    46 ||   116
       Frozen Ramparts   |     3 |     9 |    27 |    63 ||   102
       Magic Dart        |       |    53 |    77 |    86 ||   216
       Slow              |       |     6 |     1 |    31 ||    38
       Searing Ray       |       |       |    18 |   153 ||   171
       Olgreb's Toxic Ra |       |       |       |    26 ||    26
       Summon Ice Beast  |       |       |       |    15 ||    15
  Use: Scroll            |     1 |       |     2 |    10 ||    13
 Stab: Sleeping          |     5 |     6 |       |       ||    11
       Distracted        |       |       |       |     2 ||     2
Armor: Skin              |    70 |    68 |   104 |   109 ||   351
Dodge: Dodged            |   106 |   109 |   178 |   162 ||   555
Block: Orb               |       |       |    30 |    72 ||   102
       Reflection        |       |       |       |     5 ||     5
